 Dungeon Crawl Stone Soup version 0.28.0-45-g0d030f2227 (webtiles) character file.

Game seed: 2160799088307807418

65 Gabide the Chiller (level 3, 0/28 HPs)
             Began as a Demigod Ice Elementalist on Apr 8, 2022.
             Slain by an orc
             ... wielding a +0 mace
              (1 damage)
             ... on level 4 of the Dungeon.
             The game lasted 00:06:41 (4161 turns).

Gabide the Chiller (Demigod Ice Elementalist)       Turns: 4161, Time: 00:06:41

Health: 0/28       AC:  3    Str:  9    XL:     3   Next: 66%
Magic:  2/9        EV: 12    Int: 21    God:
Gold:   221        SH:  0    Dex: 14    Spells: 2/6 levels left

rFire   . . .      SeeInvis .   l - +4 short sword
rCold   . . .      Faith    .   (no shield)
rNeg    . . .      Spirit   .   a - +0 robe
rPois   .          Reflect  .   (no helmet)
rElec   .          Harm     .   (no cloak)
rCorr   .          Rampage  .   (no gloves)
Will    .....                   k - +0 pair of boots
Stlth   ++........              (no amulet)
HPRegen 0.09/turn               (no ring)
MPRegen 0.11/turn               (no ring)

@: very slightly contaminated
A: high MP 1, forlorn, divine attributes
a: no special abilities


You were on level 4 of the Dungeon.
You visited 1 branch of the dungeon, and saw 4 of its levels.

You collected 221 gold pieces.

Inventory:

Hand Weapons
 l - a +4 short sword (weapon)
Armour
 a - a +0 robe (worn)
 k - a +0 pair of boots (worn)
Wands
 m - a wand of digging (5)
Scrolls
 b - a scroll of vulnerability
 c - a scroll of fog
 f - a scroll of fear
 g - a scroll of enchant armour {unknown}
 h - a scroll of brand weapon {unknown}
 n - a scroll of teleportation {unknown}
 p - a scroll of identify
Potions
 d - a potion of cancellation
 e - 3 potions of heal wounds
 i - 2 potions of invisibility
 j - a potion of lignification
 o - a potion of degeneration {unknown}


   Skills:
 * Level 1.0 Fighting
 * Level 2.0 Dodging
 + Level 1.9 Stealth
 * Level 2.4 Spellcasting
 * Level 4.2 Ice Magic


You had 2 spell levels left.
You knew the following spells:

 Your Spells              Type           Power      Damage    Failure   Level
a - Freeze                Ice            80%        1d9       2%          1
b - Ozocubu's Armour      Ice            20%        N/A       8%          3

Your spell library contained the following spells:

 Spells                   Type           Power      Damage    Failure   Level
 Frozen Ramparts          Ice            40%        1d6       8%          3
 Hailstorm                Conj/Ice       11%        3d5       52%         4


Dungeon Overview and Level Annotations

Branches:
Dungeon (4/15)
 Temple: D:4-7


Innate Abilities, Weirdness & Mutations

You have an increased reservoir of magic. (+10% MP)
You shall have no god before yourself.
Your divine heritage dramatically boosts your attributes as you level up.


Message History

Found a stone staircase leading down.
An orc wizard comes into view. It is wielding a +0 dagger.
There is an open door here.
An orc comes into view. It is wielding a +0 mace.
The orc wizard casts a spell.
The orc wizard flickers and vanishes!
Deactivating autopickup; reactivate with Ctrl-A.
Casting: Freeze (safe; 2% risk of failure)
Confirm with . or Enter, or press ? or * to list all spells.
The spell is quite dangerous to miscast (8% risk of failure)!
Continue anyway?
You miscast Ozocubu's Armour.
You are very lightly contaminated with residual magic.
Nothing appears to happen.
Casting: Ozocubu's Armour (quite dangerous; 8% risk of failure)
Confirm with . or Enter, or press ? or * to list all spells.
Okay, then.
The orc priest barely misses you.
You freeze the orc priest.
The orc priest is lightly wounded.
The orc completely misses you.
The orc priest hits you with a +0 short sword.
An orc comes into view. It is wielding a +0 dagger.
You freeze the orc priest.
The orc priest is moderately wounded.
The orc hits you with a +0 trident! The orc priest misses you.
You freeze the orc priest!
The orc priest is severely wounded.
The orc barely misses you. Something hits you but does no damage.
The orc priest closely misses you.
You freeze the orc priest.
The orc priest is almost dead.
The orc hits you but does no damage.
You hear some strange, mumbled words.
A puff of flame appears from out of thin air!
The puff of flame hits you.
The orc priest calls down the wrath of Beogh upon you.
Pain shoots through your body!
* * * LOW HITPOINT WARNING * * *
The orc hits you with a +0 mace.
You die...

...........................# #.
########.###############.#.#####.
.......).............# #.#.......
##.......###########.# #.########
.#.############### #.# #.# .#.#
#..........# #.# #.# .#.#
#.########'###.# #.# .#.####.###
#......#.# #.# .#.#......#
#...@o.#.# #.# .#.#.##.#.#
#..o{o.#.###.# .#.#.#..#.#
#......#.....# .#.#.#..#.#
#......#######
.#.#.#..#+###....$.#
##.#.#......#o....>.
...#......<.+........
#######.....#.........
............#


You could see an orc priest and 3 orcs.

Vanquished Creatures
  An adder (D:3)
  An adder skeleton (D:4)
  2 worms (D:3)
  2 dart slugs
  4 orcs (D:3)
  5 ball pythons
  5 endoplasms
  2 giant cockroaches (D:1)
  A quokka (D:1)
  4 bats
  3 frilled lizards
  3 goblins
  4 kobolds
  4 rats
41 creatures vanquished.

Vanquished Creatures (others)
  2 plants (D:1)
2 creatures vanquished.

Grand Total: 43 creatures vanquished

Notes
Turn   | Place    | Note
-------+----------+-------------------------------------------
     0 | D:1      | Gabide the Demigod Ice Elementalist began the quest for the
                  | Orb.
     0 | D:1      | Reached XP level 1. HP: 14/14 MP: 5/5
   265 | D:1      | You fall into a shaft and drop 1 floor!
   769 | D:1      | Reached XP level 2. HP: 18/22 MP: 0/7
   936 | D:1      | Reached skill level 4 in Ice Magic
  2910 | D:3      | Reached XP level 3. HP: 27/27 MP: 4/8
  2948 | D:3      | Learned a level 3 spell: Ozocubu's Armour
  3197 | D:3      | Reached skill level 1 in Fighting
  4161 | D:4      | HP: 1/28 [orc priest/nerve-wracking pain (9)]
  4161 | D:4      | Slain by an orc

Illustrated notes

Levels and vault maps discovered:
D:1:      shiori_arrival_elements, layout_basic,
          shapermc_ecumenical_altar_mp_urbaneastern, serial_forest,
          infiniplex_forest_clump_C, infiniplex_forest_straight_4,
          infiniplex_forest_corner_1, infiniplex_forest_lined_2,
          infiniplex_forest_straight_1, infiniplex_forest_diagonal,
          infiniplex_forest_straight_2, minmay_heptomino_d4
D:2:      layout_loops_corners, basic_altar, grunt_ministairs_6
D:3:      minmay_spotlight, layout_basic, serial_bayou_pond_e
D:4:      layout_basic, portal_sewer_entry_e

Skill      XL: |  1  2  3 |
---------------+----------+-----
Ice Magic      | 4 |  4.2
Spellcasting   | 2 |  2.4
Dodging        | 2 |  2.0
Fighting       | 1 |  1.0
Stealth        | |  1.9

Action                   || total
-------------------------++-------
Melee: Short sword       ||    13
       Punch             ||     1
 Cast: Freeze            ||    70
       Ozocubu's Armour  ||     1
  Use: Scroll            ||     7
Armor: Robe              ||    11
Dodge: Dodged            ||    39
